AoeStats
← Kaiser Ze

Oasis

509573386Analyzed
4v4 RM · 5d ago on Sep 27, 2026· 16m 47s· 8 players
Game mode
Random Map
Map size
Large (8 player)
Population
200
Speed
Normal
Resources
Standard
Victory
Conquest
Starting age
Dark Age
Ending age
Imperial Age
RankedLock teamsTeams togetherTeam positionsShared explorationLock speedFull tech treeHidden civsTurbo modeCheats
Victory
Defeat
🇨🇳 Franks · China
1445
+15
🇨🇳 Poles · China
1441
+15
🇨🇳 Maya · China
1388
+17
🇨🇳 Huns · China
1363
+19
🇹🇼 Wei · Taiwan
1447
-17
🇳🇴 Aztecs · Norway
1442
-17
🇹🇷 Ethiopians · Türkiye
1404
-16
🇨🇳 Italians · China
1396
-16
Lothwen
4:14 Loom
5:26 Loom
6:07 Loom
9:38 Feudal Age
11:25 Fletching
12:19 Double-Bit Axe
Sasha The Bunny
6:46 Loom
10:02 Feudal Age
10:49 Double-Bit Axe
11:43 Gold Mining
11:54 Horse Collar
15:48 Scale Mail Armor
dashuaibi
10:37 Feudal Age
14:52 Castle Age
13:30 Fletching
14:06 Padded Archer Armor
14:49 Double-Bit Axe
BaiKai AOE
5:41 Loom
5:46 Loom
8:47 Feudal Age
9:25 Double-Bit Axe
9:27 Horse Collar
15:00 Gold Mining
你可以打我队友吗
0:25 Loom
8:52 Feudal Age
9:49 Double-Bit Axe
12:00 Town Watch
13:31 Fletching
15:02 Horse Collar
16:29 Padded Archer Armor
老菜套
10:36 Feudal Age
8:56 Loom
14:41 Castle Age
13:08 Double-Bit Axe
14:24 Scale Barding Armor
Kaiser Ze
9:27 Feudal Age
10:39 Loom
12:07 Double-Bit Axe
13:36 Bloodlines
乌合之众
6:50 Loom
10:02 Feudal Age
14:21 Man-at-Arms
Connection lost

Rejoining the realm…

Still unreachable

The connection could not be restored.

Session expired

The server has moved on; the page needs a fresh start.